 Dungeon Crawl Stone Soup version 0.22.1-1-ga44c0e5 (webtiles) character file.

1701 Mesmaeker13 the Firebug (level 9, -8/51 HPs)
             Began as an Octopode Fire Elementalist on Oct 23, 2018.
             Was an Initiate of Gozag.
             Mangled by an ogre
             ... wielding a +0 giant spiked club
              (19 damage)
             ... on level 6 of the Dungeon.
             The game lasted 00:11:54 (8570 turns).

Mesmaeker13 the Firebug (OpFE)                      Turns: 8570, Time: 00:11:55

Health: -8/51      AC:  1    Str:  8    XL:     9   Next: 3%
Magic:  12/12      EV: 15    Int: 20    God:    Gozag
Gold:   354        SH:  4    Dex: 12    Spells: 4/12 levels left

rFire    . . .     SeeInvis .   f - +1 short sword
rCold    . . .     Gourm    .   q - +0 buckler
rNeg     . . .     Faith    .   (helmet restricted)
rPois    .         Spirit   .   (no amulet)
rElec    .         Reflect  .   (no ring)
rCorr    .         Harm     .   (no ring)
MR       .....                  (no ring)
Stlth    +++.......             (no ring)
HPRegen  0.17/turn              (no ring)
MPRegen  0.13/turn              (no ring)
                                (no ring)
                                (no ring)

@: no status effects
A: almost no armour, stealthy swim, amphibious, 8 rings, constrict 8, camouflage
1, gelatinous body 1
a: Potion Petition, Call Merchant, Bribe Branch, Renounce Religion


You were on level 6 of the Dungeon.
You worshipped Gozag.
Gozag was aware of your devotion.
You were near starving.

You visited 2 branches of the dungeon, and saw 7 of its levels.

You collected 474 gold pieces.
You paid 120 gold pieces to Gozag.

Inventory:

Hand Weapons
 f - a +1 short sword (weapon)
Missiles
 b - 3 tomahawks (quivered)
Armour
 q - a +0 buckler (worn)
Magical Staves
 j - an uncursed staff of cold
Scrolls
 c - 4 scrolls of remove curse
 d - 2 scrolls of noise
 g - 3 scrolls of teleportation
 h - a scroll of immolation {unknown}
 i - 2 scrolls of amnesia
 m - a scroll of enchant weapon
Potions
 a - a potion of ambrosia {unknown}
 e - a potion of curing {unknown}
 k - a potion of mutation {unknown}
 l - 3 potions of agility
 n - a potion of might {unknown}
 o - 2 potions of degeneration {unknown}
 p - a potion of flight {unknown}
Comestibles
 r - a ration


   Skills:
 - Level 5.6 Dodging
 - Level 2.6 Stealth
 + Level 3.2 Shields
 - Level 2.0 Spellcasting
 + Level 6.4 Conjurations
 + Level 7.1 Fire Magic


You had 4 spell levels left.
You knew the following spells:

 Your Spells              Type           Power        Failure   Level  Hunger
a - Flame Tongue          Conj/Fire      ####.        1%          1    #......
b - Throw Flame           Conj/Fire      ####..       1%          2    ##.....
c - Conjure Flame         Conj/Fire      ####....     3%          3    ###....
d - Searing Ray           Conj           ####..       1%          2    ##.....

Your spell library contained the following spells:

 Spells                   Type           Power        Failure   Level  Hunger
 Magic Dart               Conj           ####         1%          1    #......
 Sticky Flame             Conj/Fire      ####....     10%         4    #####..
 Inner Flame              Hex/Fire       ###.....     12%         3    ###....
 Iskenderun's Mystic Bla  Conj           ####....     12%         4    #####..
 Dazzling Spray           Conj/Hex       ##....       14%         3    ###....
 Force Lance              Conj/Tloc      ##......     41%         4    #####..
 Fulminant Prism          Conj/Hex       ##........   41%         4    #####..
 Fireball                 Conj/Fire      ####......   28%         5    ######.


Dungeon Overview and Level Annotations

Branches:
Dungeon (6/15)             Temple (1/1) D:5

Altars:
Ashenzari
Dithmenos
Fedhas
Gozag
Hepliaklqana
Makhleb
Nemelex Xobeh
Trog
Uskayaw
Vehumet
Wu Jian
Xom
Yredelemnul
Zin

Annotations:
D:2 1 exclusion
D:4 3 runed doors, Edmund; SaintRoka's ghost, amateur GrSk
D:5 Blork the orc


Innate Abilities, Weirdness & Mutations

You cannot wear most types of armour.
You are very stealthy in the water. (Stealth+)
You are amphibious.
You can wear up to eight rings at the same time.
You can use your tentacles to constrict eight enemies at once.
Your skin changes colour to match your surroundings (Stealth+).
Your rubbery body absorbs attacks. (AC +1, EV +1)


Message History

The ogre is severely wounded.
The crimson imp blinks!
The sky beast hits you. The sky beast shocks you. The ogre barely misses you.
You hit the ogre.
The ogre is severely wounded.
The sky beast misses you.
You barely miss the ogre. You squeeze the ogre.
The ogre is almost dead.
The ogre hits you with a giant spiked club!!
* * * LOW HITPOINT WARNING * * *
The sky beast closely misses you.
You are too injured to fight recklessly!
You are too injured to fight recklessly!
You are too injured to fight recklessly!
You are too injured to fight recklessly!
You hit the ogre.
The ogre is almost dead.
The ogre hits you with a giant spiked club!!
You die...
Your body crumbles into a pile of gold.

#..# #..# $ ##..#
#...##############
#................#
#............###.###
###.#######......... #$#
#.......... #@#
#...###.##. .....5YO..#
#...###.##.
..#####.............<...
.....?.......####.
#.#.####....#.###. #.#..
....# #.... #.#### ###.
#.#### $ ... . # #


You could see a sky beast, an ogre and a crimson imp.

Vanquished Creatures
  Eustachio (D:5)
  Menkaure (D:5)
  3 phantoms
  An orc warrior (D:6)
  An ice beast (D:6)
  2 sky beasts
  2 ogres (D:4)
  A bullfrog (D:6)
  A scorpion (D:5)
  A howler monkey (D:5)
  4 crimson imps
  3 hounds
  2 centaur skeletons
  An iguana (D:5)
  3 worker ants (D:4)
  A worker ant zombie (D:5)
  5 adders
  A shadow imp (D:6)
  An adder zombie (D:5)
  3 worms
  A dart slug (D:2)
  12 orcs
  2 ball pythons
  A bat (D:2)
  2 giant cockroaches
  A goblin (D:1)
  4 hobgoblins
  4 jackals (D:1)
  2 kobolds
  A quokka (D:3)
  4 frilled lizards
  8 rats
80 creatures vanquished.

Notes
Turn   | Place    | Note
-------+----------+-------------------------------------------
     0 | D:1      | Mesmaeker13 the Octopode Fire Elementalist began the quest
                  | for the Orb.
     0 | D:1      | Reached XP level 1. HP: 11/11 MP: 3/3
   331 | D:1      | Reached XP level 2. HP: 17/17 MP: 1/5
  1263 | D:2      | Learned a level 2 spell: Throw Flame
  1420 | D:2      | Reached XP level 3. HP: 21/21 MP: 1/6
  1842 | D:2      | Noticed a sky beast
  2264 | D:3      | Learned a level 3 spell: Conjure Flame
  2631 | D:3      | Found a sparkling altar of Nemelex Xobeh.
  3266 | D:4      | Reached XP level 4. HP: 24/27 MP: 1/7
  3337 | D:4      | Noticed an ogre
  3346 | D:4      | Killed an ogre
  3346 | D:4      | Reached skill level 4 in Fire Magic
  3346 | D:4      | Reached XP level 5. HP: 27/31 MP: 1/8
  3604 | D:4      | Noticed SaintRoka's ghost (amateur GrSk)
  3646 | D:4      | Reached XP level 6. HP: 36/36 MP: 4/9
  3689 | D:4      | Noticed an ice beast
  3699 | D:4      | Found a runed gate.
  3699 | D:4      | Found a runed gate.
  3699 | D:4      | Found a runed gate.
  4190 | D:4      | Noticed a sky beast
  4235 | D:4      | Killed a sky beast
  4395 | D:4      | Noticed Edmund
  4434 | D:4      | Reached skill level 5 in Fire Magic
  4621 | D:4      | HP: 1/36 [Edmund/flail of crushing (3)]
  4971 | D:2      | Learned a level 2 spell: Searing Ray
  4982 | D:2      | Reached XP level 7. HP: 41/41 MP: 4/10
  5721 | D:5      | Entered Level 5 of the Dungeon
  6251 | D:5      | Noticed Eustachio
  6287 | D:5      | Killed Eustachio
  6287 | D:5      | Reached skill level 5 in Dodging
  6441 | D:5      | Noticed Blork the orc
  6510 | D:5      | Reached skill level 5 in Conjurations
  6510 | D:5      | Reached skill level 6 in Fire Magic
  6510 | D:5      | Reached XP level 8. HP: 35/46 MP: 0/11
  6634 | D:5      | Found a staircase to the Ecumenical Temple.
  6740 | Temple   | Entered the Ecumenical Temple
  6748 | Temple   | Became a worshipper of Gozag Ym Sagoz the Greedy
  7256 | D:5      | Noticed Menkaure
  7295 | D:5      | Killed Menkaure
  7295 | D:5      | Reached skill level 1 in Shields
  7782 | D:5      | Found a hazy altar of Hepliaklqana.
  8343 | D:6      | Reached skill level 7 in Fire Magic
  8501 | D:6      | Reached XP level 9. HP: 39/51 MP: 12/12
  8570 | D:6      | Mangled by an ogre

Skill      XL: |  1  2  3  4  5  6  7  8 |
---------------+-------------------------+-----
Conjurations   | 2 3 4 5 6 |  6.4
Dodging        | 3 4 5 |  5.6
Fire Magic     | 4 5 6 7 |  7.1
Shields        | 3 |  3.2
Stealth        | |  2.6
Spellcasting   | |  2.0

Action                   |  1- 3 |  4- 6 |  7- 9 || total
-------------------------+-------+-------+-------++-------
Melee: Constrict         |     7 |       |     4 ||    11
       Tentacles         |     5 |     1 |     5 ||    11
       Unarmed           |     1 |       |       ||     1
       Short sword       |    24 |     5 |    29 ||    58
 Cast: Flame Tongue      |    69 |    31 |    92 ||   192
       Throw Flame       |     3 |     7 |    22 ||    32
       Searing Ray       |       |     2 |     5 ||     7
       Conjure Flame     |       |       |     3 ||     3
  Use: Scroll            |     5 |     3 |       ||     8
       Potion            |       |     1 |       ||     1
 Stab: Sleeping          |     2 |       |     2 ||     4
  Eat: Chunk             |     3 |     1 |     2 ||     6
       Ration            |     2 |     1 |     3 ||     6
Armor: Skin              |     5 |       |     1 ||     6
Dodge: Dodged            |    34 |     9 |    39 ||    82
Block: Buckler           |       |       |     2 ||     2
